 Dungeon Crawl Stone Soup version 0.19.4-9-g45fd643 (webtiles) character file.

101 Kosschaser the Sneak (level 4, -1/33 HPs)
             Began as a Vampire Assassin on Feb 16, 2017.
             Slain by a bullfrog (3 damage)
             ... on level 3 of the Dungeon.
             The game lasted 00:10:28 (4658 turns).

Kosschaser the Sneak (Vampire Assassin)             Turns: 4658, Time: 00:10:28

Health: -1/33      AC:  4    Str: 10    XL:     4   Next: 48%
Magic:  4/4        EV: 12    Int: 13    God:
Gold:   112        SH:  6    Dex: 16    Spells: 1 memorised, 1 level left

rFire  . . .     SeeInvis +     a - +2 dagger
rCold  + . .     Gourm    .     c - +0 robe
rNeg   + + .     Faith    .     (no shield)
rPois  +         Spirit   .     (no helmet)
rElec  .         Reflect  +     d - +0 cloak
rCorr  .         Harm     .     l - +0 pair of gloves
MR     .....                    (no boots)
Stlth  +++++.....               q - +6 amulet of reflection
                                (no ring)
                                (no ring)

@: regenerating slowly
A: fangs 3, see invisible, unbreathing
a: Bat Form


You were on level 3 of the Dungeon.
You were near bloodless.

You visited 1 branch of the dungeon, and saw 3 of its levels.

You collected 112 gold pieces.

Inventory:

Hand Weapons
 a - a +2 dagger (weapon)
 b - a +0 blowgun
Missiles
 e - 7 poisoned needles
 f - 2 curare-tipped needles
 i - 3 needles of confusion
Armour
 c - a +0 robe (worn)
 d - a +0 cloak (worn)
 l - a +0 pair of gloves (worn)
Jewellery
 q - a +6 amulet of reflection (around neck)
Scrolls
 h - 2 scrolls of magic mapping
 k - a scroll of remove curse
 m - a scroll of immolation {unknown}
 n - a scroll of teleportation
Potions
 g - 2 potions of blood
 r - a potion of haste
Books
 o - a book of Minor Magic

   Spells                             Type                      Level
   a - Magic Dart                     Conjuration                  1
   b - Blink                          Translocation                2
   c - Call Imp                       Summoning                    2
   d - Repel Missiles                 Charms/Air                   2
   e - Slow                           Hexes                        2
   f - Conjure Flame                  Conjuration/Fire             3
   g - Mephitic Cloud                 Conjuration/Poison/Air       3
 p - Kikubaaqudgha's Almanac of Unholy Rituals
   (You found it on level 2 of the Dungeon)

   Spells                             Type                      Level
   a - Pain                           Necromancy                   1


   Skills:
 + Level 2.2 Fighting
 + Level 3.2 Short Blades
 + Level 1.9 Throwing
 + Level 1.2 Dodging
 + Level 7.3 Stealth
 + Level 0.1 Spellcasting
 + Level 0.8 Hexes


You had one spell level left.
You knew the following spells:

 Your Spells              Type           Power        Failure   Level  Hunger
a - Slow                  Hex            #.......     38%         2    ###....


Dungeon Overview and Level Annotations

Branches:
Dungeon (3/15)

Altars:
Kikubaaqudgha
Makhleb
Sif Muna
Vehumet
Xom


Innate Abilities, Weirdness & Mutations

You heal slowly.
You have razor-sharp teeth.
You have supernaturally acute eyesight. (SInv)
You can survive without breathing.


Message History

The bullfrog hits you!
You hit the bullfrog.
The bullfrog is lightly wounded.
The bullfrog misses you.
You hit the bullfrog.
The bullfrog is lightly wounded.
The bullfrog hits you.
You barely miss the bullfrog.
The bullfrog is lightly wounded.
The bullfrog hits you!
* * * LOW HITPOINT WARNING * * *
You barely miss the bullfrog. Your bite misses the bullfrog.
The bullfrog is lightly wounded.
The bullfrog closely misses you. You block the bullfrog's attack.
You hit the bullfrog.
The bullfrog is heavily wounded.
The bullfrog hits you!
* * * LOW HITPOINT WARNING * * *
The bullfrog hits you.
You die...

.............#
.............#
....#.......#
#.........#
..######.#.......#
..............>..#
..)..............#
......##F##†.###.#
.........@...# #.#
...##.##.#...# #.#
.. #........# #.# .
#.##.#.#.###.#####.#
# #.#.............#
#...........##### #.
#$....##..##.#.#
#.##.###........#.#
..................##


You could see a bullfrog.

Vanquished Creatures
  4 adders
  3 oozes
  A worm (D:3)
  A dart slug (D:1)
  3 leopard geckos
  2 ball pythons (D:1)
  4 bats
  2 giant cockroaches
  8 goblins
  5 hobgoblins
  5 frilled lizards
  6 kobolds
  4 rats
48 creatures vanquished.

Notes
Turn   | Place    | Note
-------+----------+-------------------------------------------
     0 | D:1      | Kosschaser the Vampire Assassin began the quest for the Orb.
     0 | D:1      | Reached XP level 1. HP: 16/16 MP: 1/1
   909 | D:1      | Reached skill level 6 in Stealth
  1662 | D:1      | Reached XP level 2. HP: 20/22 MP: 2/2
  2754 | D:1      | Reached XP level 3. HP: 27/27 MP: 3/3
  3533 | D:2      | Learned a level 2 spell: Slow
  3615 | D:2      | Found an ancient bone altar of Kikubaaqudgha.
  3619 | D:2      | Found a deep blue altar of Sif Muna.
  3620 | D:2      | Found a radiant altar of Vehumet.
  3622 | D:2      | Identified Kikubaaqudgha's Almanac of Unholy Rituals
  3663 | D:2      | Found a shimmering altar of Xom.
  3663 | D:2      | Found a burning altar of Makhleb.
  3687 | D:2      | Reached skill level 7 in Stealth
  3702 | D:2      | Reached XP level 4. HP: 23/33 MP: 1/4
  4647 | D:3      | Noticed a bullfrog
  4656 | D:3      | HP: 1/33 [bullfrog (7)]
  4658 | D:3      | Slain by a bullfrog

Skill      XL: |  1  2  3 |
---------------+----------+-----
Stealth        | 6 7 |  7.3
Fighting       | 2 |  2.2
Short Blades   | 3 |  3.2
Throwing       | |  1.9
Dodging        | |  1.2
Spellcasting   | |  0.1
Hexes          | |  0.8

Action                   |  1- 3 |  4- 6 || total
-------------------------+-------+-------++-------
Melee: Dagger            |    94 |    55 ||   149
       Bite              |     7 |     5 ||    12
 Fire: Blowgun           |     5 |       ||     5
 Cast: Slow              |     1 |     3 ||     4
  Use: Scroll            |     2 |     3 ||     5
       Potion            |     2 |     2 ||     4
 Stab: Sleeping          |    12 |     3 ||    15
Armor: Robe              |    12 |     7 ||    19
Dodge: Dodged            |    55 |    22 ||    77
Block: Other             |       |    14 ||    14
